 Dungeon Crawl Stone Soup version 0.26-a0-597-gb535b0901c (webtiles) character file.

Game seed: 12630922071784041217

14 Lanoc the Chopper (level 2, 0/15 HPs)
             Began as a Vine Stalker Gladiator on Sept 3, 2020.
             Succumbed to an adder's poison
             ... on level 4 of the Dungeon.
             The game lasted 00:00:39 (232 turns).

Lanoc the Chopper (Vine Stalker Gladiator)           Turns: 232, Time: 00:00:39

Health: 0/15       AC:  4    Str: 16    XL:     2   Next: 45%
Magic:  1/3        EV: 13    Int:  8    God:
Gold:   17         SH:  0    Dex: 15    Spells: 1/1 levels left

rFire    . . .     SeeInvis .   a - +0 war axe
rCold    . . .     Faith    .   (no shield)
rNeg     . . .     Spirit   +   b - +0 leather armour
rPois    .         Reflect  .   c - +0 helmet
rElec    .         Harm     .   (no cloak)
rCorr    .                      (no gloves)
MR       .....                  (no boots)
Stlth    +.........             (no amulet)
HPRegen  0.05/turn              (no ring)
MPRegen  0.08/turn              (no ring)

@: lethally poisoned (0 -> -2)
A: fangs 2, magic shield, antimagic bite, no potion heal 3, rot immunity
a: no special abilities


You were on level 4 of the Dungeon.
You visited 1 branch of the dungeon, and saw 4 of its levels.

You collected 17 gold pieces.

Inventory:

Hand Weapons
 a - a +0 war axe (weapon)
Missiles
 d - 2 throwing nets (quivered)
Armour
 b - a +0 leather armour (worn)
 c - a +0 helmet (worn)
Scrolls
 e - a scroll of magic mapping {unknown}


   Skills:
 + Level 2.0 Fighting
 + Level 2.9 Axes
 - Level 1.7 Throwing
 + Level 0.5 Armour
 + Level 2.6 Dodging


You had one spell level left.
You didn't know any spells.
Your spell library was empty.

Dungeon Overview and Level Annotations

Branches:
Dungeon (4/15)
 Temple: D:4-7

Altars:


Innate Abilities, Weirdness & Mutations

You have extremely sharp teeth.
When hurt, damage is shared between your health and your magic reserves.
Your bite disrupts and absorbs the magic of your enemies.
Potions cannot restore your health.
You are immune to rotting.


Message History

An iguana comes into view.
* * * LOW HITPOINT WARNING * * *
You feel sick.
Found a scroll labeled RATUPY QOTEOV.
Throwing (i - inventory)
d - 3 throwing nets (quivered)
Press: ? - help, Shift-Dir - straight line, f - iguana
Aim: an iguana You throw a throwing net.
The throwing net hits the iguana.
The iguana is caught in the net!
* * * LOW HITPOINT WARNING * * *
You feel sick.
The iguana struggles against the net.
The iguana hisses menacingly.
The iguana struggles against the net.
The iguana struggles against the net.
* * * LOW HITPOINT WARNING * * *
You feel sick.
The iguana struggles against the net.
The iguana struggles against the net.
The net rips apart, and the iguana comes free!
You die...

......# #.##..#
..##.?# # ###.#
..#### #. ..#.#
#....# #.##.#.#
#..#.#
#....#.###..#.###
#######..#....l.....#
.......@....###..##.#
.......#....# ##..#<#
.......###### #..###
....... ##..# .......
..# ....... ..#
####... ..# #...


You could see an iguana.

Vanquished Creatures
  An adder (D:3)
  A dart slug (D:1)
  A bat (D:1)
  2 goblins
5 creatures vanquished.

Notes
Turn   | Place    | Note
-------+----------+-------------------------------------------
     0 | D:1      | Lanoc the Vine Stalker Gladiator began the quest for the
                  | Orb.
     0 | D:1      | Reached XP level 1. HP: 11/11 MP: 2/2
    99 | D:1      | You fall into a shaft and drop 1 floor!
   211 | D:3      | Reached XP level 2. HP: 7/15 MP: 0/3
   232 | D:4      | Succumbed to an adder's poison

Illustrated notes

Levels and vault maps discovered:
D:1:      lemuel_arrival_behind_the_door_small, layout_loops_ring,
          minmay_rat_gold_closets
D:2:      layout_basic
D:3:      layout_basic, nicolae_overflow_crystal_walls,
          yredelemnul_forgotten_temple_becter,
          chequers_ecumenical_altar_simple_redux, uniq_crazy_yiuf_cottage,
          uniq_natasha
D:4:      layout_basic, lemuel_coloured_pillars_altar

Skill      XL: |  1 |
---------------+----+-----
Fighting       | 2 |  2.0
Axes           | |  2.9
Throwing       | |  1.7
Armour         | |  0.5
Dodging        | |  2.6

Action                   || total
-------------------------++-------
Melee: War axe           ||    15
       Bite              ||     3
Throw: Throwing net      ||     1
  Use: Potion            ||     1
Armor: Leather armour    ||     4
Dodge: Dodged            ||     7

Table legend: (Time is in decaauts)
 A = Elapsed time spent in this place.
 B = Non-inter-level travel time spent in this place.
 C = Inter-level travel time spent in this place.
 D = Time resting spent in this place.
 E = Time spent auto-exploring this place.
 F = Levels seen in this place.
 G = Mean time per level.
                   A        B        C        D        E       F      G
               +--------+--------+--------+--------+--------+-----+--------+
         Total |    236 |    232 |      4 |      0 |    167 |   4 |   59.0 |
       Dungeon |    236 |    232 |      4 |      0 |    167 |   4 |   59.0 |
               +--------+--------+--------+--------+--------+-----+--------+

Top non-repeatable levels by time:
     D:1: 100 daAuts
     D:3: 89 daAuts
     D:2: 32 daAuts
     D:4: 13 daAuts
